Map: Cerulean Fall LE

Players

Piroxiljin

  • Race: Terran Terran
  • Spawn Location: 7:00

A.I. 1 (Hard) - Winner!

  • Race: Terran Terran
  • Spawn Location: 1:00

VOD

Have the link to the VOD?

Description

Time

  • Played on: Jan. 18, 2019, 1 p.m.
  • Length: 5:09
Show
View Real Time Build Order
Export as new Build Order

Piroxiljin Terran 

Build Orders: Hellion Opening 

Get SALT Encoding   

  12  0:01  SCV  
  13  0:14  SCV  
  13  0:21  Supply Depot  
  14  0:27  SCV  
  15  0:33  Refinery  
  15  0:42  SCV  
  16  0:53  Barracks  
  16  0:57  SCV  
  18  1:11  SCV  
  18  1:18  Refinery  
  18  1:25  SCV  
  19  1:37  SCV  
  20  1:44  Barracks Reactor  
  20  1:50  Orbital Command  
  20  2:01  Factory  
  20  2:14  Supply Depot  
  20  2:20  Marine x2  
  22  2:27  SCV  
  23  2:41  Supply Depot  
  23  3:02  Hellion  
  23  3:03  Hellion  
  27  3:13  SCV, Command Center  
  28  3:24  Hellion x2  
  28  3:25  SCV  
  33  3:30  Barracks Reactor  
  33  3:38  SCV, Factory  
  34  3:45  Hellion x2  
  38  3:50  SCV  
  33  4:28  Hellion x2  
  37  4:35  Engineering Bay  
  37  4:37  Barracks Tech Lab  
  37  4:42  Hellion x2  
  41  4:50  SCV  
Show
View Real Time Build Order
Export as new Build Order

A.I. 1 (Hard) Terran - Winner!

Build Orders:  

Get SALT Encoding   

  12  0:00  SCV  
  13  0:13  SCV  
  14  0:18  Supply Depot  
  14  0:25  SCV  
  15  0:40  SCV  
  16  0:45  Barracks  
  16  0:50  Refinery  
  16  0:52  SCV  
  17  1:04  SCV  
  18  1:16  SCV  
  19  1:21  Supply Depot  
  19  1:32  SCV, Marine  
  21  1:44  Orbital Command  
  21  1:53  Barracks Tech Lab, Supply Depot  
  21  2:02  Barracks  
  21  2:11  Marine  
  22  2:23  SCV  
  22  2:28  Marine  
  24  2:31  Refinery  
  24  2:35  SCV  
  24  2:37  Supply Depot  
  25  2:46  Marine  
  25  2:47  SCV  
  25  2:48  Engineering Bay  
  25  2:49  Marine  
  28  2:59  SCV  
  28  3:05  Marauder  
  31  3:06  Marine  
  31  3:11  SCV  
  33  3:23  SCV  
  33  3:24  Marine  
  33  3:26  Marauder  
  37  3:55  Marine  
  37  4:08  Barracks Tech Lab  
  37  4:10  Factory  
  37  4:12  Missile Turret  
  37  4:18  Missile Turret  
  37  4:39  Bunker  
  37  4:52  Supply Depot  
  36  4:53  Factory Tech Lab  
Tags
 
Add a new tag
Caveats
  • Supply blocks, unpowered buildings, or Contaminate may cause inaccurate times.
  • Supply counts are checked every 10 seconds.